 Dungeon Crawl Stone Soup version 0.28-a0-895-g6e5f11bd55 (webtiles) character file.

Game seed: 16184479146122972034

473 frimble the Cutter (level 6, -1/85 HPs)
             Began as a Troll Warper on Nov 23, 2021.
             Succumbed to an orc's poison
             ... on level 4 of the Dungeon.
             The game lasted 00:03:30 (3067 turns).

frimble the Cutter (Troll Warper)                   Turns: 3067, Time: 00:03:30

Health: -1/85      AC: 23    Str: 20    XL:     6   Next: 84%
Magic:  4/6        EV:  1    Int: 11    God:
Gold:   176        SH:  0    Dex:  9    Spells: 5/7 levels left

rFire   . . .      SeeInvis .   f - +1 dagger (venom)
rCold   . . .      Faith    .   (no shield)
rNeg    . . .      Spirit   .   (armour currently unavailable)
rPois   +          Reflect  .   (helmet currently unavailable)
rElec   .          Harm     .   (cloak currently unavailable)
rCorr   .          Rampage  .   (gloves unavailable)
Will    .....      NoTele   +   (boots unavailable)
Stlth   +.........              (no amulet)
HPRegen 1.24/turn               (no ring)
MPRegen 0.10/turn               (no ring)

@: lethally poisoned (-1 -> -5), tree-form
A: stationary, stasis, torment immunity, boosted hp, large, unfitting armour,
(claws 3), regeneration 1, (shaggy fur 1), (tough skin 1)
a: no special abilities


You were on level 4 of the Dungeon.
You were a tree.
You visited 1 branch of the dungeon, and saw 5 of its levels.

You collected 176 gold pieces.

Inventory:

Hand Weapons
 a - a +1 short sword
 f - a +1 dagger of venom (weapon)
Missiles
 d - 5 boomerangs of dispersal (quivered)
 e - 18 poisoned darts
Armour
 b - a +0 robe (melded)
Jewellery
 g - a ring of ice
 k - a ring of magical power
 p - a ring of protection from fire
Scrolls
 n - a scroll of silence {unknown}
 o - 3 scrolls of identify
Potions
 c - 2 potions of attraction
 h - 5 potions of mutation
 i - a potion of magic
 l - a potion of degeneration {unknown}
 m - a potion of curing {unknown}


   Skills:
 - Level 1.6 Fighting
 + Level 6.0 Short Blades
 - Level 1.0 Throwing
 - Level 2.0 Dodging
 - Level 1.3 Spellcasting
 - Level 2.2 Translocations


You had 5 spell levels left.
You knew the following spells:

 Your Spells              Type           Power      Damage    Failure   Level
a - Blink                 Tloc           10%        N/A       19%         2

Your spell library contained the following spells:

 Spells                   Type           Power      Damage    Failure   Level
 Gell's Gravitas          Tloc           5%         N/A       36%         3
 Lesser Beckoning         Tloc           5%         N/A       36%         3
 Teleport Other           Tloc           5%         N/A       36%         3
 Ensorcelled Hibernation  Hex/Ice        0%         N/A       43%         2
 Spider Form              Tmut/Pois      0%         N/A       67%         3
 Iskenderun's Mystic Bla  Conj/Tloc      3%         2d3       89%         4
 Fulminant Prism          Conj/Hex       0%         3d6       97%         4
 Manifold Assault         Tloc           5%         N/A       98%         5
 Lee's Rapid Deconstruct  Erth           0%         3d5*      100%        5


Dungeon Overview and Level Annotations

Branches:
Dungeon (5/15)
 Temple: D:4-7

Altars:
The Shining One


Innate Abilities, Weirdness & Mutations

You are a tree.
Your roots penetrate the ground, keeping you stationary.
You cannot be teleported.
You are immune to unholy pain and torment.
Your maximum health is greatly increased.
Your equipment is partially melded.
You are too large for most types of armour.
((You have claws for hands.))
Your natural rate of healing is unusually fast.
((You are covered in fur. (AC +1)))
((You have tough skin. (AC +1)))


Message History

You are too injured to fight recklessly!
You feel very sick.
You feel very sick.
There is a stone staircase leading up here.
You feel very sick. The orc wizard closely misses you.
The orc hits you with a +1 mace of venom.
You are more poisoned.
The ogre hits you with a +0 giant club!
* * * LOW HITPOINT WARNING * * *
You climb upwards.
* * * LOW HITPOINT WARNING * * *
You feel very sick.
There is a stone staircase leading down here.
Casting: Blink (safe; 19% risk of failure)
Confirm with . or Enter, or press ? or * to list all spells.
You blink.
You feel very sick. The orc wizard misses you.
Okay, then.
You aren't carrying any items that you can evoke.
Okay, then.
Okay, then.
Unknown command.
Okay, then.
You aren't carrying any items that you can evoke.
Okay, then.
You feel very sick.
You feel sick.
The orc hits you with a +1 mace of venom.
* * * LOW HITPOINT WARNING * * *
You are lethally poisoned!
Okay, then.
Unknown command.
* * * LOW HITPOINT WARNING * * *
You feel very sick.
It was a potion of lignification.
You turn into a tree.
Your +0 robe melds into your body.
Your roots penetrate the ground.
You feel stable enough to blink again.
You die...

.# #..≈§≈≈§≈≈≈≈§##..###.###.##...
.# #....§§..§...###)....##..##...
.# #.......#.#.####.######..##...
.###.......#.#.........###.......
...#########.####.......##.##....
.#.# ####...##...#......).##....
.#.# #..............>.#.........
.#.####.##.......#.......<####...
..<....[###.....♣oo####..........
##....###.......#### #...####...
...##..##.#....#########......##.
##.###......##....#.......###....
##.####........÷.......#### ###..
..........###...........##### ##.
##.######...................#####
##.#### #####...........###......
##....## ##.........## #######


You could see an orc wizard and an orc.

Vanquished Creatures
  Sigmund (D:2)
  An ogre (D:4)
  A scorpion (D:3)
  Robin (D:2)
  8 adders
  An ufetubus (D:5)
  A worm (D:4)
  2 dart slugs
  2 orcs (D:5)
  6 ball pythons
  A bat (D:1)
  6 endoplasms
  3 giant cockroaches
  9 hobgoblins
  12 jackals
  4 kobolds
  3 quokkas
  2 frilled lizards
  12 goblins
  6 rats
82 creatures vanquished.

Notes
Turn   | Place    | Note
-------+----------+-------------------------------------------
     0 | D:1      | frimble the Troll Warper began the quest for the Orb.
     0 | D:1      | Reached XP level 1. HP: 19/19 MP: 1/1
   116 | D:1      | Reached skill level 1 in Throwing
   168 | D:1      | Reached XP level 2. HP: 28/28 MP: 2/2
   263 | D:1      | Reached skill level 2 in Short Blades
   796 | D:2      | Found a faded altar of an unknown god.
   989 | D:2      | Reached XP level 3. HP: 35/35 MP: 3/3
  1054 | D:2      | Learned a level 2 spell: Blink
  1109 | D:2      | Noticed Sigmund
  1155 | D:3      | Reached skill level 3 in Short Blades
  1189 | D:3      | Reached XP level 4. HP: 36/42 MP: 4/4
  1219 | D:3      | Noticed a scorpion
  1242 | D:3      | Killed a scorpion
  1395 | D:2      | Reached skill level 4 in Short Blades
  1404 | D:2      | Reached XP level 5. HP: 38/49 MP: 5/5
  1463 | D:2      | Killed Sigmund
  1464 | D:2      | Reached skill level 5 in Short Blades
  1464 | D:2      | Reached XP level 6. HP: 25/57 MP: 6/6
  1518 | D:2      | Noticed Robin
  1542 | D:2      | Killed Robin
  2767 | D:4      | Found a glowing golden altar of the Shining One.
  2842 | D:4      | Reached skill level 6 in Short Blades
  3044 | D:5      | Entered Level 5 of the Dungeon
  3066 | D:4      | HP: 1/57 [poisoned by an orc]
  3067 | D:4      | Succumbed to an orc's poison

Illustrated notes

Levels and vault maps discovered:
D:1:      ebering_hopf_link, layout_basic, chequers_decorated_corner,
          nicolae_concentric_dashed_squares_mild
D:2:      layout_basic, hellmonk_ecumenical_altar_run_dry, nrook_loot_triangle,
          uniq_sigmund, uniq_robin
D:3:      layout_rooms
D:4:      layout_rooms, mainiacjoe_overflow_brackets, minmay_fountain_box
D:5:      layout_rooms, yredelemnul_altar_generic, serial_park_tiny_pond,
          solitary_fountain

Skill      XL: |  1  2  3  4  5  6 |
---------------+-------------------+-----
Throwing       | 1 |  1.0
Dodging        | 2 |  2.0
Short Blades   | 2 3 4 5 6 |  6.0
Fighting       | |  1.6
Spellcasting   | |  1.3
Translocations | |  2.2

Action                   |  1- 3 |  4- 6 || total
-------------------------+-------+-------++-------
Melee: Short sword       |   153 |    20 ||   173
       Dagger            |       |   158 ||   158
 Cast: Blink             |       |     2 ||     2
  Use: Scroll            |     4 |     7 ||    11
       Potion            |       |     1 ||     1
 Stab: Sleeping          |     1 |       ||     1
Armor: Robe              |    57 |    50 ||   107
Dodge: Dodged            |    99 |    88 ||   187

Table legend: (Time is in decaauts)
 A = Elapsed time spent in this place.
 B = Non-inter-level travel time spent in this place.
 C = Inter-level travel time spent in this place.
 D = Time resting spent in this place.
 E = Time spent auto-exploring this place.
 F = Levels seen in this place.
 G = Mean time per level.
                   A        B        C        D        E       F      G
               +--------+--------+--------+--------+--------+-----+--------+
         Total |   3023 |   2905 |    118 |      3 |   2275 |   5 |  604.6 |
       Dungeon |   3023 |   2905 |    118 |      3 |   2275 |   5 |  604.6 |
               +--------+--------+--------+--------+--------+-----+--------+

Top non-repeatable levels by time:
     D:2: 1196 daAuts
     D:1: 780 daAuts
     D:3: 529 daAuts
     D:4: 503 daAuts
     D:5: 14 daAuts
